 Dungeon Crawl Stone Soup version 0.19.0-2-gae57169 (webtiles) character file.

180 Gorice the Slasher (level 5, 0/35 HPs)
             Began as a Halfling Fighter on Nov 6, 2016.
             Slain by a gnoll (4 damage)
             ... on level 3 of the Dungeon.
             The game lasted 00:10:17 (2042 turns).

Gorice the Slasher (Halfling Fighter)               Turns: 2042, Time: 00:10:18

Health: 0/35       AC:  8    Str: 18    XL:     5   Next: 91%
Magic:  5/5        EV: 11    Int:  8    God:
Gold:   115        SH:  9    Dex: 19    Spells: 0 memorised, 4 levels left

rFire  . . .     SeeInvis .     b - +1 short sword (drain)
rCold  . . .     Gourm    .     v - +0 chain mail
rNeg   . . .     Faith    .     c - +0 shield
rPois  .         Spirit   .     (no helmet)
rElec  .         Reflect  .     (no cloak)
rCorr  .         Harm     .     (no gloves)
MR     .....                    (no boots)
Stlth  ..........               (no amulet)
                                (no ring)
                                (no ring)

@: agile, heavily drained
A: clever 1, mutation resistance 1
a: no special abilities


You were on level 3 of the Dungeon.
You were not hungry.

You visited 1 branch of the dungeon, and saw 3 of its levels.

You collected 115 gold pieces.

Inventory:

Hand Weapons
 a - a +1 long sword
 b - a +1 short sword of draining (weapon)
   (You took it off a kobold on level 1 of the Dungeon)
 e - a +0 dagger of flaming
   (You took it off a kobold on level 1 of the Dungeon)
Missiles
 p - 36 poisoned needles
 x - 30 sling bullets
 Z - 47 stones (quivered)
Armour
 c - a +0 shield (worn)
 l - a +0 scale mail
 r - a +3 leather armour of fire resistance
   (You took it off Ijyb on level 1 of the Dungeon)
 v - a +0 chain mail (worn)
Wands
 g - a wand of confusion (17/48)
Scrolls
 j - a scroll of noise {unknown}
 k - 4 scrolls of remove curse
 y - a scroll of enchant weapon
Potions
 d - a potion of might {!q}
 h - 2 potions of haste {!q}
 m - a potion of flight
 n - a potion of invisibility {unknown}
 q - a potion of agility {!q}
 s - a potion of ambrosia {unknown}
 w - a potion of berserk rage {unknown}
Comestibles
 f - a bread ration {!e}
 i - 2 beef jerkies
 o - 2 meat rations {!e}
 z - 9 chunks of flesh


   Skills:
 - Level 2.6(1.3) Fighting
 * Level 5.6(4.1) Long Blades
 - Level 3.2(1.9) Armour
 - Level 3.2(1.9) Shields


You had 4 spell levels left.
You didn't know any spells.

Dungeon Overview and Level Annotations

Branches:
Dungeon (3/15)

Altars:


Innate Abilities, Weirdness & Mutations

You are small and have problems with some larger weapons.
You are somewhat resistant to further mutation.
Your mind is acute. (Int +2)


Message History

The orc hits you but does no damage.
You feel drained. The orc hits you with a whip.
The kobold hits you but does no damage.
The orc throws a stone.
The stone barely misses you. The gnoll barely misses you.
You are held in a net!
Damage: 1 (max 3) Unknown command.
You are held in a net!
You are held in a net!
Unknown command.
You tear a large gash into the net.
The orc hits you. The orc hits you but does no damage.
You feel drained. The orc hits you but does no damage.
The kobold hits you but does no damage. The gnoll barely misses you.
Damage: 1 (max 3)
You struggle against the net.
The orc hits you but does no damage. The gnoll hits you with a club.
The orc hits you but does no damage.
You feel drained. The orc hits you but does no damage.
The kobold hits you but does no damage.
The gnoll hits you from afar with a halberd!
* * * LOW HITPOINT WARNING * * *
Damage: 15 (max 15)
You struggle against the net.
The orc hits you but does no damage. x2
You feel drained. The gnoll barely misses you. The orc hits you with a whip.
* * * LOW HITPOINT WARNING * * *
The kobold hits you with a club.
* * * LOW HITPOINT WARNING * * *
Damage: 3 (max 15) Unknown command.
You shred the net and break free! The orc hits you but does no damage.
You block the gnoll's attack. The orc hits you but does no damage.
You feel drained. The gnoll hits you but does no damage.
The orc hits you with a whip.
* * * LOW HITPOINT WARNING * * *
The kobold closely misses you.
Damage: 4 (max 15)
The orc hits you but does no damage.
The orc hits you with a short sword of draining.
* * * LOW HITPOINT WARNING * * *
You feel drained.
* * * LOW HITPOINT WARNING * * *
The gnoll barely misses you. You block the orc's attack.
The gnoll throws a throwing net.
You block the throwing net.
You see here a throwing net.
Damage: 5 (max 15)
You see here a stone.
Really quaff
q - 2 potions of agility {!q}?
You feel agile all of a sudden. You block the orc's attack. The gnoll hits you.
You die...

######## #..)...< #####
######.###### . .g.#
#........##
##.####g######.####....##
.......Ko@.((..####.#.#.##
......o.go..........#.##.#
#..###..o.............##.#
. #.####.######.#####.# #.
#.# ##.###.## #. #.#
##...## #. #.# #####
##.####.########
................


You could see 3 gnolls, 4 orcs and a kobold.

Vanquished Creatures
  Terence (D:2)
  Ijyb (D:1)
  3 gnolls (D:2)
  2 adders (D:2)
  2 worms (D:2)
  4 leopard geckos
  2 orcs (D:3)
  10 bats
  2 giant cockroaches
  11 goblins
  8 hobgoblins
  3 jackals (D:2)
  8 kobolds
  2 quokkas (D:2)
  2 frilled lizards
  8 rats
69 creatures vanquished.

Notes
Turn   | Place    | Note
-------+----------+-------------------------------------------
     0 | D:1      | Gorice the Halfling Fighter began the quest for the Orb.
     0 | D:1      | Reached XP level 1. HP: 15/15 MP: 1/1
   180 | D:1      | Reached XP level 2. HP: 20/20 MP: 2/2
   288 | D:1      | Reached skill level 3 in Long Blades
   513 | D:1      | Reached XP level 3. HP: 25/25 MP: 3/3
   877 | D:2      | Noticed Ijyb
   901 | D:1      | Killed Ijyb
   901 | D:1      | Reached skill level 4 in Long Blades
   901 | D:1      | Reached XP level 4. HP: 25/30 MP: 4/4
  1129 | D:2      | Noticed Terence
  1140 | D:2      | Killed Terence
  1140 | D:2      | Reached skill level 5 in Long Blades
  1140 | D:2      | Reached XP level 5. HP: 35/35 MP: 5/5
  1799 | D:2      | Gained mutation: Your mind is acute. (Int +2) [potion of beneficial mutation]
  2039 | D:3      | HP: 9/35 [orc/whip (4)]
  2040 | D:3      | HP: 4/35 [orc/short sword of draining (1)]
  2042 | D:3      | Slain by a gnoll

Skill      XL: |  1  2  3  4 |
---------------+-------------+-----
Long Blades    | 3 4 5 |  5.6
Fighting       | |  2.6
Armour         | |  3.2
Shields        | |  3.2

Action                   |  1- 3 |  4- 6 || total
-------------------------+-------+-------++-------
Melee: Long sword        |     9 |       ||     9
       Short sword       |    75 |   136 ||   211
  Use: Scroll            |     1 |     7 ||     8
       Potion            |       |     2 ||     2
  Eat: Chunk             |       |     4 ||     4
Armor: Scale mail        |    45 |    14 ||    59
       Chain mail        |       |    45 ||    45
Dodge: Dodged            |    23 |    42 ||    65
Block: Shield            |    50 |    55 ||   105
       Rpst.: Long sword |     1 |       ||     1

Table legend:
 A = Turns spent in this place as a percentage of turns spent in the entire game.
 B = Non-inter-level travel turns spent in this place as a percentage of non-inter-level travel turns spent in the entire game.
 C = Inter-level travel turns spent in this place as a percentage of turns spent in this place.
 D = Turns resting spent in this place as a percentage of non-inter-level travel turns spent in this place.
 E = Turns spent auto-exploring this place as a percentage of non-inter-level travel turns spent in this place.
 F = Non-inter-level travel turns spent in this place divided by the number of levels of this place that you've seen.
                   A       B       C       D       E      F
               +-------+-------+-------+-------+-------+----------------------
         Total | 100.0 | 100.0 |   0.2 |   1.1 |   4.6 | 327.3
       Dungeon | 100.0 | 100.0 |   0.2 |   1.1 |   4.6 | 327.3
               +-------+-------+-------+-------+-------+----------------------

Vault maps used:
D:1:      shiori_arrival_elements
D:2:      uniq_terence, uniq_iyjb
D:3:      ecumenical_altar_2, tgw_sif
